 Dungeon Crawl Stone Soup version 0.19.5 (webtiles) character file.

137 asthiss the Shield-Bearer (level 5, -4/50 HPs)
             Began as a Troll Fighter on Mar 3, 2017.
             Was a Believer of Elyvilon.
             Slain by an iguana (11 damage)
             ... on level 4 of the Dungeon.
             The game lasted 00:13:03 (2554 turns).

asthiss the Shield-Bearer (Troll Fighter)           Turns: 2554, Time: 00:13:04

Health: -4/50      AC:  5    Str: 30    XL:     5   Next: 0%
Magic:  4/4        EV:  7    Int:  4    God:    Elyvilon [**....]
Gold:   207        SH: 17    Dex: 11    Spells: 0 memorised, 4 levels left

rFire  . . .     SeeInvis .       - Unarmed
rCold  . . .     Gourm    +     a - +0 robe
rNeg   . . .     Faith    .     e - +2 large shield
rPois  .         Spirit   .     (helmet restricted)
rElec  .         Reflect  .     (no cloak)
rCorr  .         Harm     .     (gloves unavailable)
MR     .....     Rnd*Tele +     (boots unavailable)
Stlth  +.........               (no amulet)
                                l - ring of teleportation
                                i - +2 ring of dexterity

@: mighty, fainting
A: unfitting armour, claws 3, fast metabolism 3, gourmand, regeneration 1,
shaggy fur 1, tough skin 2
a: Lesser Healing, Heal Other, Divine Protection, Renounce Religion


You were on level 4 of the Dungeon.
You worshipped Elyvilon.
Elyvilon was pleased with you.
You were fainting.

You visited 1 branch of the dungeon, and saw 4 of its levels.

You collected 207 gold pieces.

Inventory:

Armour
 a - a +0 robe (worn)
 b - a +0 shield
 e - a +2 large shield (worn)
Jewellery
 i - a +2 ring of dexterity (left claw)
 l - a ring of teleportation (right claw)
Scrolls
 h - 3 scrolls of recharging
 j - a scroll of identify
Potions
 c - a potion of might
 g - a potion of magic
 m - a potion of cure mutation
 n - 2 potions of brilliance
Comestibles
 d - 3 bread rations
 f - 3 meat rations
 k - a beef jerky


   Skills:
 + Level 2.7 Fighting
 + Level 3.0 Dodging
 + Level 0.1 Stealth
 + Level 3.4 Shields
 + Level 3.2 Unarmed Combat


You had 4 spell levels left.
You didn't know any spells.

Dungeon Overview and Level Annotations

Branches:
Dungeon (4/15)
 Temple: D:4-7

Altars:
Elyvilon
Makhleb
Qazlal
Trog


Innate Abilities, Weirdness & Mutations

You are too large for most types of armour.
You have claws for hands.
Your metabolism is lightning-fast.
You like to eat raw meat.
Your natural rate of healing is unusually fast.
You are covered in fur. (AC +1)
You have very tough skin. (AC +2)


Message History

You feel slightly more hungry.
You closely miss the hungry ghost.
The hungry ghost is severely damaged.
You block the iguana's attack. You block the hungry ghost's attack.
You barely miss the hungry ghost.
The hungry ghost is severely damaged.
You block the iguana's attack. The hungry ghost hits you.
* * * LOW HITPOINT WARNING * * *
You feel slightly more hungry. You block the iguana's attack.
You miss the hungry ghost.
The hungry ghost is severely damaged.
You block the hungry ghost's attack. The iguana bites you.
* * * LOW HITPOINT WARNING * * *
You miss the hungry ghost.
The hungry ghost is severely damaged.
You block the hungry ghost's attack. The iguana barely misses you.
You barely miss the hungry ghost.
The hungry ghost is severely damaged.
The hungry ghost hits you.
You feel slightly more hungry. The iguana bites you!
You die...

#.# #.# #. #.# #.# #.
#.# #.# #.
#######.###.#######.
............>.....#.
.########.###.#####.#.
..............# #. ##
######.......... #.
... #.@#.#.######. #.
.... #lW#.#.# #.
.....#..#.#.# #.
........#.#.# #.
...#.#....#.# #. .
#......#.# #. #..#.###
#. #..#.# #. #..#.# #.


You could see a hungry ghost and an iguana.

Vanquished Creatures
  6 adders
  2 oozes (D:1)
  2 worms (D:2)
  2 dart slugs (D:1)
  2 leopard geckos
  An orc (D:2)
  A ball python (D:1)
  4 giant cockroaches
  7 goblins
  5 hobgoblins
  3 quokkas
  12 bats
  4 frilled lizards
  4 kobolds
  A leopard gecko skeleton (D:4)
  6 rats
62 creatures vanquished.

Notes
Turn   | Place    | Note
-------+----------+-------------------------------------------
     0 | D:1      | asthiss the Troll Fighter began the quest for the Orb.
     0 | D:1      | Reached XP level 1. HP: 22/22 MP: 0/0
   188 | D:1      | Reached XP level 2. HP: 29/29 MP: 1/1
   382 | D:1      | Reached XP level 3. HP: 36/36 MP: 2/2
   787 | D:2      | Found a bloodstained altar of Trog.
   798 | D:2      | Found a burning altar of Makhleb.
   798 | D:2      | Found a stormy altar of Qazlal.
  1137 | D:2      | Found a faded altar of an unknown god.
  1179 | D:2      | Reached XP level 4. HP: 44/44 MP: 3/3
  1906 | D:2      | Became a worshipper of Elyvilon the Healer
  1906 | D:2      | Reached * piety under Elyvilon
  2234 | D:3      | Reached ** piety under Elyvilon
  2289 | D:3      | Reached XP level 5. HP: 50/50 MP: 4/4
  2519 | D:4      | Noticed a hungry ghost
  2554 | D:4      | Slain by an iguana

Skill      XL: |  1  2  3  4 |
---------------+-------------+-----
Shields        | 3 |  3.4
Dodging        | 3 |  3.0
Unarmed Combat | 3 |  3.2
Fighting       | |  2.7
Stealth        | |  0.1

Action                   |  1- 3 |  4- 6 || total
-------------------------+-------+-------++-------
Melee: Unarmed           |    97 |   123 ||   220
  Use: Scroll            |     7 |     2 ||     9
       Potion            |     4 |     2 ||     6
 Stab: Sleeping          |     1 |       ||     1
  Eat: Chunk             |    10 |    13 ||    23
       Meat ration       |     1 |       ||     1
Armor: Robe              |    35 |    20 ||    55
Dodge: Dodged            |    18 |    19 ||    37
Block: Large shield      |   113 |   113 ||   226
